 Dungeon Crawl Stone Soup version 0.21-a0-279-g6037ffb (webtiles) character file.

1696 Ganzo the Covert (level 8, -3/36 HPs)
             Began as a Spriggan Enchanter on Sept 24, 2017.
             Was a Believer of Dithmenos.
             Killed by divine providence
             ... invoked by an orc priest
              (16 damage)
             ... on level 8 of the Dungeon.
             The game lasted 00:25:11 (11100 turns).

Ganzo the Covert (Spriggan Enchanter)              Turns: 11100, Time: 00:25:19

Health: -3/36      AC:  4    Str:  5    XL:     8   Next: 72%
Magic:  17/17      EV: 18    Int: 18    God:    Dithmenos [**....]
Gold:   215        SH:  0    Dex: 16    Spells: 6/18 levels left

rFire    . . .     SeeInvis +   a - +1 dagger
rCold    . . .     Gourm    .   (shield restricted)
rNeg     . . .     Faith    .   b - +0 robe
rPois    .         Spirit   .   f - +1 hat
rElec    .         Reflect  .   g - +0 cloak
rCorr    .         Harm     .   (gloves unavailable)
MR       +....                  (boots unavailable)
Stlth    ++++++++..             (no amulet)
HPRegen  0.12/turn              (no ring)
MPRegen  0.15/turn              (no ring)

@: wreathed by umbra, very quick
A: unfitting armour, see invisible, herbivore 3, speed 3, slow metabolism 2
a: Shadow Step, Renounce Religion


You were on level 8 of the Dungeon.
You worshipped Dithmenos.
Dithmenos was pleased with you.
You were not hungry.

You visited 1 branch of the dungeon, and saw 8 of its levels.
You also visited: Bailey.

You collected 409 gold pieces.
You spent 194 gold pieces at shops.

Inventory:

Hand Weapons
 a - a +1 dagger (weapon)
 h - a +2 antimagic spear
Missiles
 v - a throwing net (quivered)
Armour
 b - a +0 robe (worn)
 f - a +1 hat (worn)
 g - a +0 cloak (worn)
Jewellery
 d - a +3 amulet of reflection {unknown}
 l - an uncursed amulet of the gourmand {unknown}
Wands
 o - a wand of lightning (5/15)
 s - a wand of iceblast (7/15)
Scrolls
 n - 3 scrolls of teleportation
 u - a scroll of enchant weapon
 w - a scroll of remove curse
Potions
 c - 2 potions of heal wounds
 e - a potion of flight
 i - 4 potions of curing
 k - a potion of haste
 m - a potion of mutation
 p - a potion of resistance {unknown}
 q - a potion of invisibility {unknown}
 r - a potion of ambrosia {unknown}
 t - a potion of magic
 x - a potion of agility {unknown}
 z - a potion of berserk rage {unknown}
 A - a potion of might {unknown}
Comestibles
 j - 2 bread rations


   Skills:
 - Level 1.1 Short Blades
 - Level 3.0 Dodging
 + Level 14.4 Stealth
 - Level 5.8 Spellcasting
 - Level 6.2 Hexes


You had 6 spell levels left.
You knew the following spells:

 Your Spells              Type           Power        Failure   Level  Hunger
a - Ensorcelled Hibernat  Hex/Ice        ###...       4%          2    None
b - Corona                Hex            ####...      1%          1    None
c - Confuse               Hex            ####....     2%          3    ##.....
d - Tukima's Dance        Hex            ####....     2%          3    ##.....
e - Dazzling Spray        Conj/Hex       ###...       10%         3    ##.....


Dungeon Overview and Level Annotations

Branches:
Dungeon (8/15)             Temple (0/1) D:5
   Lair: D:8-11

Altars:
Ashenzari
Cheibriados
Dithmenos
Fedhas
Gozag
Nemelex Xobeh
Okawaru
Qazlal
Sif Muna
Trog
Wu Jian
The Shining One

Shops:
D:6 ?*%


Innate Abilities, Weirdness & Mutations

You are very small and have problems with some larger weapons.
You are too small for most types of armour.
You have supernaturally acute eyesight. (SInv)
You are a herbivore.
You cover ground extremely quickly.
You need consume almost no food.


Message History

Magic restored.
There is a stone staircase leading down here.
You climb downwards.
A worker ant, an orc, an orc warrior and an orc priest come into view.
The orc is wielding a short sword of venom.
Found 17 gold pieces.
There is a stone staircase leading up here.
An orc priest comes into view.
The worker ant twitches its antennae in your direction.
The worker ant misses you.
An orc comes into view. It is wielding a club.
The orc misses you.
The orc warrior shouts!
An orc priest comes into view. It is wielding a hand axe.
The orc priest shouts!
The orc shouts!
The orc priest shouts!
The orc warrior hits you with a war axe!!
Ouch! That really hurt!
The orc priest invokes the aid of Beogh against you.
Beogh smites you!
You die...

###... ......
......### ##+##
........###...#
#.........#...##
...o........<..#
o.............##
..o..$.@.....##
......ooo..###
.......a..##
........###
...###### .. .


You could see an orc warrior, a worker ant, 3 orc priests and 2 orcs.

Vanquished Creatures
  Eustachio (D:4)
  An orc warrior (D:5)
  A sky beast (D:7)
  A phantom (D:4)
  A black bear (D:7)
  2 big kobolds (D:7)
  A gnoll sergeant (D:6)
  A water moccasin skeleton (D:7)
  A scorpion (D:5)
  A howler monkey (D:4)
  3 wights (D:7)
  A bullfrog zombie (D:5)
  A crimson imp (D:5)
  A jelly (D:7)
  2 hounds
  3 orc priests
  Crazy Yiuf (D:7)
  2 iguanas
  4 worker ants
  Robin (D:1)
  A howler monkey zombie (D:5)
  8 gnolls
  6 adders
  4 oozes
  A worm (D:2)
  A dart slug (D:4)
  3 leopard geckos
  13 orcs
  6 bats
  4 giant cockroaches
  17 goblins
  14 hobgoblins
  14 jackals
  3 quokkas
  5 frilled lizards
  18 kobolds
  A quokka skeleton (D:5)
  9 rats
158 creatures vanquished.

Vanquished Creatures (collateral kills)
  2 gnolls (D:2)
  2 orcs (D:4)
4 creatures vanquished.

Grand Total: 162 creatures vanquished

Notes
Turn   | Place    | Note
-------+----------+-------------------------------------------
     0 | D:1      | Ganzo the Spriggan Enchanter began the quest for the Orb.
     0 | D:1      | Reached XP level 1. HP: 9/9 MP: 5/5
   813 | D:1      | Reached XP level 2. HP: 12/13 MP: 4/7
  1122 | D:1      | Learned a level 2 spell: Ensorcelled Hibernation
  1659 | D:1      | Reached XP level 3. HP: 16/16 MP: 6/9
  1851 | D:1      | Learned a level 3 spell: Confuse
  1855 | D:1      | Learned a level 3 spell: Tukima's Dance
  2983 | D:2      | Reached skill level 5 in Hexes
  3095 | D:2      | Noticed Robin
  3108 | D:1      | Reached XP level 4. HP: 21/21 MP: 6/11
  3317 | D:1      | Killed Robin
  3876 | D:2      | Found a deep blue altar of Sif Muna.
  3880 | D:2      | Found an opulent altar of Gozag.
  3881 | D:2      | Found a bloodstained altar of Trog.
  4019 | D:2      | Learned a level 3 spell: Dazzling Spray
  4022 | D:2      | Found a sparkling altar of Nemelex Xobeh.
  4023 | D:2      | Found a shadowy altar of Dithmenos.
  4024 | D:2      | Found an ornate altar of the Wu Jian Council.
  4026 | D:2      | Found a glowing golden altar of the Shining One.
  4029 | D:2      | Became a worshipper of Dithmenos the Shadowed
  4096 | D:2      | Found a snail-covered altar of Cheibriados.
  4103 | D:2      | Found an iron altar of Okawaru.
  4595 | D:3      | Reached XP level 5. HP: 24/24 MP: 10/13
  4690 | D:3      | Reached skill level 5 in Spellcasting
  5629 | D:3      | Reached * piety under Dithmenos
  5764 | D:3      | Reached XP level 6. HP: 28/28 MP: 12/15
  6685 | D:4      | Reached skill level 5 in Stealth
  6777 | D:4      | Reached skill level 6 in Stealth
  7055 | D:4      | Reached skill level 7 in Stealth
  7303 | D:4      | Noticed Eustachio
  7327 | D:4      | Killed Eustachio
  7327 | D:4      | Reached skill level 8 in Stealth
  7327 | D:4      | Reached XP level 7. HP: 32/32 MP: 9/16
  7405 | D:4      | Reached skill level 9 in Stealth
  7502 | D:4      | Found a blossoming altar of Fedhas.
  7622 | D:5      | Entered Level 5 of the Dungeon
  7712 | D:5      | Found a stormy altar of Qazlal.
  7747 | D:5      | Found a shattered altar of Ashenzari.
  7844 | D:5      | Found a staircase to the Ecumenical Temple.
  8128 | D:5      | Reached skill level 10 in Stealth
  8352 | D:6      | Found Hecsusch's Magic Scroll Shoppe.
  8358 | D:6      | Bought a scroll of enchant armour for 97 gold pieces
  8358 | D:6      | Bought a scroll of enchant weapon for 97 gold pieces
  8445 | D:5      | Reached ** piety under Dithmenos
  8562 | D:6      | Reached skill level 11 in Stealth
  8845 | D:6      | Found Zialesh's General Store.
  8861 | D:6      | Reached XP level 8. HP: 36/36 MP: 17/17
  9076 | D:6      | Found Qaibut's Food Boutique.
  9620 | D:7      | Reached skill level 12 in Stealth
  9864 | D:7      | Reached skill level 13 in Stealth
 10169 | D:7      | Found a runed door.
 10244 | D:7      | Reached skill level 14 in Stealth
 10299 | D:7      | Found a flagged portal.
 10309 | Bailey   | Entered a bailey
 10620 | Bailey   | Noticed Heronymous's ghost (journeyman DsTm)
 11034 | D:7      | Noticed Crazy Yiuf
 11040 | D:7      | Killed Crazy Yiuf
 11100 | D:8      | Killed from afar by an orc priest

Vault maps used:
D:1:      co_arrival_square_in_a_square_in_a_square
D:2:      minitemple, amethyst_overflow_temple_binary, uniq_robin
D:4:      fedhas_altar_4, first_bread, corexii_corridor_pit, uniq_eustachio
D:5:      nicolae_qazlal_eye_of_the_storm, temple_hall,
          cheibrodos_ashenzari_chains
D:6:      serial_shops, nicolae_shop_stone, shop, nicolae_shop_trees,
          minivault_27
D:7:      enter_bailey_2, uniq_crazy_yiuf_cottage
D:8:      grunt_temple_overflow_order_and_chaos_2
Bailey:   bailey_axe_of_yendor_kennysheep, bailey

Skill      XL: |  1  2  3  4  5  6  7  8 |
---------------+-------------------------+-----
Spellcasting   | 3 4 5 |  5.8
Hexes          | 4 5 6 |  6.2
Stealth        | 8 11 14 | 14.4
Short Blades   | |  1.1
Dodging        | |  3.0

Action                   |  1- 3 |  4- 6 |  7- 9 || total
-------------------------+-------+-------+-------++-------
Melee: Dagger            |   123 |   250 |   175 ||   548
       Spear             |     5 |     9 |       ||    14
 Cast: Corona            |    14 |     1 |       ||    15
       Ensorcelled Hiber |    33 |    35 |    24 ||    92
       Confuse           |     4 |    19 |    10 ||    33
       Tukima's Dance    |       |     3 |       ||     3
       Dazzling Spray    |       |     7 |     4 ||    11
  Use: Potion            |     2 |     3 |     1 ||     6
       Scroll            |     3 |     4 |     7 ||    14
 Stab: Sleeping          |    19 |    22 |    34 ||    75
       Confused          |     2 |    11 |     6 ||    19
       Invisible         |       |     1 |       ||     1
  Eat: Bread ration      |     1 |       |       ||     1
       Fruit             |       |     4 |       ||     4
       Royal jelly       |       |       |     2 ||     2
Armor: Robe              |    17 |    26 |    12 ||    55
       Skin              |     3 |       |       ||     3
Dodge: Dodged            |    93 |   232 |   140 ||   465

Table legend:
 A = Spawn XP
 B = Non-spawn XP
 C = Spawn XP percentage of total XP
 D = Spawn monster count
 E = Non-spawn monster count
 F = Spawn count percentage of total count
 G = Total turns spent on level
                    A         B        C        D         E        F      G
               +---------+---------+-------+---------+---------+-------+---------
         Total |       0 |    2423 |   0.0 |       0 |     162 |   0.0 | 11100
               +---------+---------+-------+---------+---------+-------+---------
           D:1 |       0 |     107 |   0.0 |       0 |      41 |   0.0 |  3243
           D:2 |       0 |      87 |   0.0 |       0 |      24 |   0.0 |  1347
           D:3 |       0 |     193 |   0.0 |       0 |      29 |   0.0 |  1870
           D:4 |       0 |     551 |   0.0 |       0 |      17 |   0.0 |  1162
           D:5 |       0 |     324 |   0.0 |       0 |       7 |   0.0 |   777
           D:6 |       0 |     292 |   0.0 |       0 |      19 |   0.0 |  1128
           D:7 |       0 |     869 |   0.0 |       0 |      25 |   0.0 |  1251
               +---------+---------+-------+---------+---------+-------+---------
